 Dungeon Crawl Stone Soup version 0.27-a0-1189-gb8eb6cee8e (webtiles) character file.

Game seed: 5141111044271917715

450 senseless the Skirmisher (level 6, -4/52 HPs)
             Began as a Demonspawn Monk on May 22, 2021.
             Was a Priest of Wu Jian.
             Slain by Duvessa
             ... wielding a +0 short sword
              (9 damage)
             ... on level 3 of the Dungeon.
             The game lasted 00:12:52 (4851 turns).

senseless the Skirmisher (Demonspawn Monk)          Turns: 4851, Time: 00:12:53

Health: -4/52      AC: 10    Str: 12    XL:     6   Next: 74%
Magic:  6/6        EV: 13    Int: 11    God:    Wu Jian [***...]
Gold:   208        SH:  0    Dex: 15    Spells: 5/5 levels left

rFire    . . .     SeeInvis .   d - +2 dagger (protect)
rCold    . . .     Faith    .   (no shield)
rNeg     . . .     Spirit   .   k - +2 robe {Will+}
rPois    .         Reflect  +   j - +2 hat
rElec    .         Harm     .   (no cloak)
rCorr    .         Rampage  ∞   (no gloves)
Will     +....                  c - +3 pair of seven-league boots {Rampage+∞}
Stlth    +.........             n - amulet of reflection
HPRegen  0.17/turn              (no ring)
MPRegen  0.20/turn              (no ring)

@: confused, ambrosia-drunk, flying
A: magic regeneration, weak 1, MP-powered wands
a: Renounce Religion, Wall Jump, Serpent's Lash


You were on level 3 of the Dungeon.
You worshipped Wu Jian.
Wu Jian was most pleased with you.
You visited 1 branch of the dungeon, and saw 6 of its levels.

You collected 208 gold pieces.

Inventory:

Hand Weapons
 d - a +2 dagger of protection (weapon)
Armour
 a - a +0 robe
 c - the +3 pair of seven-league boots (worn) {Rampage+∞}
   (You acquired it on level 2 of the Dungeon)
 j - a +2 hat (worn)
 k - a +2 robe of willpower (worn)
Jewellery
 l - a ring of wizardry
 n - an amulet of reflection (around neck)
Wands
 m - a wand of flame (10)
Scrolls
 g - 2 scrolls of teleportation
Potions
 b - a potion of magic
 i - a potion of attraction


   Skills:
 * Level 5.8 Fighting
 + Level 2.7 Short Blades
 + Level 4.1 Dodging
 - Level 1.7 Stealth
 - Level 3.0 Unarmed Combat


You had 5 spell levels left.
You didn't know any spells.
Your spell library was empty.

Dungeon Overview and Level Annotations

Branches:
Dungeon (6/15)
 Temple: D:4-7

Altars:
Wu Jian

Annotations:
D:3 Duvessa


Innate Abilities, Weirdness & Mutations

You regenerate magic rapidly.
You are weak. (Str -2)
You expend magic power (3 MP) to strengthen your wands.


Message History

Duvessa is severely wounded.
Duvessa completely misses you.
You hit Duvessa.
Duvessa is severely wounded.
Duvessa hits you but does no damage.
You hit Duvessa but do no damage.
Duvessa is severely wounded.
Dowan's feet meld with the ground, briefly.
Dowan casts a spell at you. The puff of flame misses you.
The puff of flame hits Duvessa.
You hit Duvessa but do no damage.
Duvessa is almost dead.
Duvessa hits you with a +0 short sword.
You hit Dowan.
You kill Dowan!
The Council accepts your kill.
Duvessa screams in rage.
Duvessa goes berserk!
Duvessa hits you with a +0 short sword.
You barely miss Duvessa.
Duvessa is almost dead.
Duvessa hits you with a +0 short sword! Duvessa misses you.
You hit Duvessa but do no damage.
Duvessa is almost dead.
You block Duvessa's attack. Duvessa hits you with a +0 short sword!
* * * LOW HITPOINT WARNING * * *
You climb upwards.
There is a stone staircase leading down here.
It was a potion of mutation.
You feel extremely strange.
You feel weaker.
You feel your magical essence link to the dungeon's wands.
Duvessa barely misses you. Duvessa hits you but does no damage.
It was a potion of ambrosia.
You are confused.
You feel invigorated. Duvessa hits you with a +0 short sword.
* * * LOW HITPOINT WARNING * * *
It was a potion of flight.
You feel very buoyant.
You fly up into the air.
Duvessa hits you with a +0 short sword!
You die...

##...[........# ##.#
##.#.##.####...# #..
#.###.........## #.#
#..#.##.#####.# #..
#.#.###.# #.#########.
#.#.# #.# #...........
#.#.# #.# #.#########.
#.#.###e# #.# ##
#.#.#..@# #.#
####.#.#.### #.#
#....#.#.# ### #.#
#.#..#.#.###.###.#
#.#..............#
#.####.#.###.###.# #.#
#.#.....# #.## #.#
#.#.###.###..#########
####.# #.#.#
#...............


You could see Duvessa (berserk).

Vanquished Creatures
  2 black bears
  Dowan (D:4)
  A howler monkey (D:4)
  Ijyb (D:3)
  Jessica (D:2)
  A hound zombie (D:3)
  3 adders
  5 worms
  3 orcs
  3 endoplasms
  2 giant cockroaches
  4 goblins
  8 hobgoblins
  6 jackals (D:1)
  4 kobolds
  5 quokkas
  6 ball pythons
  3 bats
  4 frilled lizards (D:1)
  10 rats
73 creatures vanquished.

Vanquished Creatures (others)
  4 plants (D:2)
4 creatures vanquished.

Grand Total: 77 creatures vanquished

Notes
Turn   | Place    | Note
-------+----------+-------------------------------------------
     0 | D:1      | senseless the Demonspawn Monk began the quest for the Orb.
     0 | D:1      | Reached XP level 1. HP: 18/18 MP: 1/1
   405 | D:1      | Gained mutation: You regenerate magic rapidly. [demonic
                  | ancestry]
   405 | D:1      | Reached XP level 2. HP: 9/24 MP: 2/2
  1046 | D:1      | Reached XP level 3. HP: 29/29 MP: 3/3
  1961 | D:2      | Reached skill level 1 in Short Blades
  2234 | D:2      | Found a faded altar of an unknown god.
  2242 | D:2      | Became a worshipper of the Wu Jian Council
  2242 | D:2      | Reached * piety under Wu Jian
  2242 | D:2      | Reached ** piety under Wu Jian
  2331 | D:2      | Noticed Jessica
  2348 | D:2      | Killed Jessica
  2349 | D:2      | Reached skill level 4 in Fighting
  2349 | D:2      | Reached XP level 4. HP: 17/37 MP: 4/4
  2875 | D:2      | Identified a scroll of acquirement
  2875 | D:2      | Acquired the +3 pair of seven-league boots {Rampage+∞}
  2876 | D:2      | Found the +3 pair of seven-league boots {Rampage+∞}
  2914 | D:3      | Noticed a black bear
  2936 | D:2      | Killed a black bear
  2937 | D:2      | Reached XP level 5. HP: 22/43 MP: 5/5
  3294 | D:3      | Reached *** piety under Wu Jian
  3295 | D:3      | Reached skill level 5 in Fighting
  3316 | D:3      | You fall into a shaft and drop 3 floors!
  3321 | D:5      | Entered Level 5 of the Dungeon
  3712 | D:3      | Noticed Ijyb
  3756 | D:3      | Killed Ijyb
  3868 | D:3      | Reached XP level 6. HP: 41/51 MP: 6/6
  4330 | D:4      | Noticed Duvessa
  4566 | D:4      | Noticed Dowan
  4844 | D:4      | Killed Dowan
  4849 | D:3      | Gained mutation: You are weak. (Str -2) [potion of
                  | mutation]
  4849 | D:3      | Gained mutation: You expend magic power (3 MP) to
                  | strengthen your wands. [potion of mutation]
  4850 | D:3      | HP: 1/52 [Duvessa/+0 short sword (6)]
  4851 | D:3      | Slain by Duvessa

Illustrated notes

Levels and vault maps discovered:
D:1:      psy_arrival_fountain, layout_loops_ring
D:2:      layout_basic, shapermc_ecumenical_altar_mp_ritualfount,
          minmay_fractal_squares_gapless_5, uniq_jessica
D:3:      layout_loops_ring, st_stairs_11, grunt_decor_mini_mirrors, uniq_ijyb
D:4:      layout_basic, hangedman_abyss_or_decor_stabs, uniq_duvessa
D:5:      layout_basic
D:6:      layout_basic, minmay_temple_entry_nine_rooms, minmay_microvault

Skill      XL: |  1  2  3  4  5  6 |
---------------+-------------------+-----
Unarmed Combat | 3 |  3.0
Dodging        | 3 4 |  4.1
Short Blades   | 1 2 |  2.7
Fighting       | 4 5 |  5.8
Stealth        | |  1.7

Action                   |  1- 3 |  4- 6 || total
-------------------------+-------+-------++-------
Melee: Unarmed           |    35 |       ||    35
       Punch             |     5 |     4 ||     9
       Dagger            |   159 |   310 ||   469
Invok: Lunge             |     3 |     2 ||     5
       Whirlwind         |       |     2 ||     2
  Use: Scroll            |       |     8 ||     8
       Potion            |       |     3 ||     3
 Stab: Sleeping          |     6 |       ||     6
Armor: Robe              |    40 |   165 ||   205
Dodge: Dodged            |   103 |   189 ||   292
Block: Other             |       |    36 ||    36

Table legend: (Time is in decaauts)
 A = Elapsed time spent in this place.
 B = Non-inter-level travel time spent in this place.
 C = Inter-level travel time spent in this place.
 D = Time resting spent in this place.
 E = Time spent auto-exploring this place.
 F = Levels seen in this place.
 G = Mean time per level.
                   A        B        C        D        E       F      G
               +--------+--------+--------+--------+--------+-----+--------+
         Total |   4814 |   4711 |    103 |    926 |   2937 |   6 |  802.3 |
       Dungeon |   4814 |   4711 |    103 |    926 |   2937 |   6 |  802.3 |
               +--------+--------+--------+--------+--------+-----+--------+

Top non-repeatable levels by time:
     D:2: 1685 daAuts
     D:1: 1379 daAuts
     D:3: 1229 daAuts
     D:4: 500 daAuts
     D:5: 15 daAuts
     D:6: 4 daAuts
